 Dungeon Crawl Stone Soup version 0.16.0 (webtiles) character file.

447 Chiseanne the Chucker (level 6, -2/61 HPs)
             Began as a Troll Hunter on Mar 14, 2015.
             Was a Follower of Ru.
             Slain by an ice beast (12 damage)
             ... on level 5 of the Dungeon.
             The game lasted 00:07:40 (1604 turns).

Chiseanne the Chucker (Troll Hunter)                Turns: 1604, Time: 00:07:41

Health: -2/61      AC:  5    Str: 21    XL:     6   Next: 73%
Magic:  3/3        EV: 11    Int:  7    God:    Ru [*.....]
Gold:   128        SH:  0    Dex: 12    Spells: 0 memorised, 5 levels left

rFire  + . .     SeeInvis .     s - +2 flail (crush)
rCold  . . .     Clarity  +     d - +0 animal skin
rNeg   . . .     SustAb   .     (shield restricted)
rPois  .         Gourm    +     (helmet restricted)
rElec  .         Spirit   .     (no cloak)
rCorr  .         Warding  .     (gloves unavailable)
rMut   .         Stasis   .     (boots unavailable)
MR     .....                    e - amulet of clarity
Stlth  +.........               i - ring of protection from fire
                                (no ring)

@: not resistant to hostile enchantments, very unstealthy
A: unfitting armour, claws 3, fast metabolism 3, gourmand, regeneration 2,
shaggy fur 1, tough skin 2, no ice magic, no necromancy magic, no translocations
magic
a: Renounce Religion


You were on level 5 of the Dungeon.
You worshipped Ru.
Ru was aware of your devotion.
You were completely stuffed.

You visited 1 branch of the dungeon, and saw 5 of its levels.

You collected 128 gold pieces.

Inventory:

Hand weapons
 s - a +2 flail of crushing (weapon)
Missiles
 c - 2 throwing nets (quivered)
 n - 5 poisoned needles
Armour
 d - a +0 animal skin (worn)
Rods
 q - a +1 rod of the swarm (9/9)
   (You found it on level 3 of the Dungeon)
Jewellery
 e - an amulet of clarity (around neck)
 i - a ring of protection from fire (right claw)
Scrolls
 g - 2 scrolls of teleportation
 h - 2 scrolls of immolation
 p - a scroll of fear
Potions
 k - 2 potions of curing {unknown}
 l - a potion of magic {unknown}
 m - a potion of restore abilities {unknown}
 o - 2 potions of berserk rage {unknown}
 t - a potion of resistance {unknown}
Comestibles
 a - a slice of pizza
 f - 5 meat rations
 j - 3 bread rations


   Skills:
 * Level 3.0 Fighting
 * Level 1.0 Maces & Flails
 - Level 5.6 Throwing
 * Level 3.3 Dodging
 - Level 0.4 Stealth
 * Level 0.8 Evocations


You had 5 spell levels left.
You didn't know any spells.

Dungeon Overview and Level Annotations

Branches:
Dungeon (5/15)
 Temple: D:4-7

Altars:
Nemelex Xobeh
Ru
Trog
Zin


Innate Abilities, Weirdness & Mutations

You are too large for most types of armour.
You have claws for hands.
Your metabolism is lightning-fast.
You like to eat raw meat.
You heal very quickly.
You are covered in fur (AC +1).
You have very tough skin (AC +2).
You cannot study or cast Ice magic.
You cannot study or cast Necromancy magic.
You cannot study or cast Translocations magic.


Message History

The large rock barely misses the ice beast.
The ice beast hits you. The ice beast freezes you! The ice beast hits you.
The ice beast freezes you!
You barely miss the ice beast.
The ice beast is severely wounded.
The ice beast hits you. The ice beast freezes you!
* * * LOW HITPOINT WARNING * * *
Throwing (i - inventory. (,) - cycle):
b - a large rock (quivered)
Press: ? - help, Shift-Dir - straight line, f/p - ice beast
Aim: an ice beast (severely wounded)
You throw a large rock. The large rock hits the ice beast!
The ice beast is almost dead.
The ice beast hits you.
* * * LOW HITPOINT WARNING * * *
The ice beast freezes you.
* * * LOW HITPOINT WARNING * * *
The ice beast hits you.
* * * LOW HITPOINT WARNING * * *
The ice beast freezes you!
You die...

........#...........#
#...>..####..........#
#......## ##...###...#
#.......#####.## ....#
#..........#..# ....
#..#.........## ..#
#..#.........# #.
#..###....# ....
###@.# ...# ##Y# ..
#o..(..# #......#
..#....# .####(.# .#
... . . ..


You could see an ice beast and an orc.

Vanquished Creatures
  An ice beast (D:5)
  An ogre (D:3)
  A scorpion (D:3)
  A goliath beetle (D:5)
  A centaur zombie (D:5)
  Jessica (D:2)
  4 gnolls (D:3)
  2 adders
  2 worms
  An adder zombie (D:5)
  A giant gecko (D:5)
  9 orcs
  3 giant cockroaches
  6 goblins
  4 hobgoblins
  7 kobolds
  A quokka (D:5)
  3 bats
  A giant gecko zombie (D:5)
  A giant newt (D:2)
  2 rats
53 creatures vanquished.

Notes
Turn   | Place    | Note
--------------------------------------------------------------
     0 | D:1      | Chiseanne, the Troll Hunter, began the quest for the Orb.
     0 | D:1      | Reached XP level 1. HP: 19/19 MP: 1/1
   260 | D:2      | Reached XP level 2. HP: 27/27 MP: 1/1
   301 | D:2      | Reached skill level 4 in Throwing
   458 | D:2      | Noticed Jessica
   462 | D:2      | Killed Jessica
   462 | D:2      | Reached XP level 3. HP: 33/35 MP: 2/2
   646 | D:3      | Noticed an ogre
   650 | D:3      | Killed an ogre
   650 | D:3      | Reached skill level 5 in Throwing
   650 | D:3      | Reached XP level 4. HP: 42/42 MP: 2/2
   682 | D:3      | Found a sparkling altar of Nemelex Xobeh.
   683 | D:3      | Found a glowing silver altar of Zin.
   684 | D:3      | Found a bloodstained altar of Trog.
   684 | D:3      | Found a sacrificial altar of Ru.
   695 | D:3      | Reached XP level 5. HP: 49/49 MP: 2/2
   743 | D:3      | Became a worshipper of Ru the Awakened
   788 | D:3      | Noticed a scorpion
   795 | D:3      | Killed a scorpion
   928 | D:3      | Identified a +1 rod of the swarm (9/9) (You found it on level 3 of the Dungeon)
  1217 | D:5      | Entered Level 5 of the Dungeon
  1222 | D:5      | Reached XP level 6. HP: 59/59 MP: 3/3
  1309 | D:5      | Noticed an ice beast
  1318 | D:5      | Killed an ice beast
  1384 | D:5      | Reached skill level 1 in Maces & Flails
  1525 | D:5      | Gained mutation: You cannot study or cast Ice magic. [Ru sacrifice]
  1525 | D:5      | Gained mutation: You cannot study or cast Necromancy magic. [Ru sacrifice]
  1525 | D:5      | Gained mutation: You cannot study or cast Translocations magic. [Ru sacrifice]
  1525 | D:5      | Acquired Ru's first power
  1590 | D:5      | Noticed an ice beast
  1604 | D:5      | Slain by an ice beast

Action                   |  1- 3 |  4- 6 || total
-------------------------+-------+-------++-------
Melee: Unarmed           |    35 |    29 ||    64
       Short sword       |     3 |       ||     3
       Flail             |       |    60 ||    60
Throw: Large rock        |     2 |    16 ||    18
       Throwing net      |       |     1 ||     1
Invok: Sacrifice Arcana  |       |     1 ||     1
  Use: Scroll            |       |     8 ||     8
  Eat: Chunk             |     9 |    11 ||    20
